[Event "*** Titled Tuesday Blitz"]
[Site "Chess.com"]
[Date "2019.09.03"]
[Round "2"]
[White "kosmeg"]
[Black "SimonKnightRivendell"]
[Result "1-0"]
[WhiteElo "2389"]
[BlackElo "2011"]
[TimeControl "180+2"]
[EndTime "15:26:24 PDT"]
[Termination "kosmeg won on time"]

1. d4 d5 2. c4 e5 3. dxe5 d4 4. Nf3 Nc6 5. a3 Nge7 6. e3 dxe3 7. Bxe3 Qxd1+ 8. Kxd1 Bg4 9. Nd2 O-O-O 10. Kc2 Ng6 11. h3 Bf5+ 12. Kc3 Ngxe5 13. Nxe5 Nxe5 14. f4 Nd3 15. g4 Bxg4 16. hxg4 Nc5 17. Rd1 Bd6 18. Bxc5 Bxc5 19.
Bg2 Rhe8 20. Ne4 Rxd1 21. Rxd1 Be3 22. f5 Bf4 23. c5 Be5+ 24. Kc2 c6 25. b4 Kc7 26. Kb3 g6 27. f6 h5 28. gxh5 gxh5 29. Rh1 Re6 30. Bh3 Re8 31. Bf5 Rh8 32. Ng5 Bxf6 33.
Nxf7 Rf8 34. Nd6 h4 35. Bh3 Bg5 36. Rf1 Rxf1 37. Bxf1 b6 38. Ne4 Be3 39. a4 a5 40.
bxa5 bxa5 41. Kc4 Kd7 42. Bh3+ Ke7 43. Kd3 Bf4 44. Ke2 Be5 45. Kf3 Bd4 46. Kg4 Bxc5 47. Nxc5 Kd6 48. Nb7+ Kd5 49. Bg2+ Kc4 50. Nxa5+ Kb4 51.
Nxc6+ Kxa4 52. Kxh4 Kb3 53. Kg4 Kc4 54. Kf4 Kc3 55.
Ke5 Kd2 56. Kd4 Ke2 57. Ne5 Kd2 58. Be4 Ke2 59. Ng4 Kd1 60. Kd3 Kc1 61. Ne5 Kb2 62. Bd5 Ka3 63. Kc3 Ka4 64. Nc6 Kb5 65. Kd4 Ka4 66.
Bc4 Ka3 67. Kc3 Ka4 68. Bd3 Ka3 69. Bb5 Ka2 70. Nd4 Ka1 71. Nc2+ Kb1 72. Bc4 Kc1 73.
Ba2 Kd1 74. Nd4 Ke1 75. Kd3 Kf2 76. Ne2 Kf3 77. Be6 Kf2 78. Bg4 Ke1 79. Nc3 Kf2 80.
Ne4+ Ke1 81. Ke3 Kf1 82. Kd2 Kg2 83. Ke2 Kg1 84. Bh3 Kh2 85. Bf1 Kg1 86. Ke1 Kh2 87.
Kf2 Kh1 88. Nd2 1-0

[Event "*** Titled Tuesday Blitz"]
[Site "Chess.com"]
[Date "2019.09.03"]
[Round "2"]
[White "newauto"]
[Black "ZeroRealtorFade"]
[Result "0-1"]
[WhiteElo "1925"]
[BlackElo "2363"]
[TimeControl "180+2"]
[EndTime "15:26:27 PDT"]
[Termination "ZeroRealtorFade won by checkmate"]

1. e4 Nc6 2. Nf3 d6 3. Bb5 Nf6 4. Qe2 a6 5. Bxc6+ bxc6 6. O-O g6 7. e5 Nd5 8. c4 Nb6 9. d4 Bg7 10. Rd1 d5 11. b3 O-O 12. h3 a5 13. Nc3 Ba6 14. Nd2 a4 15. Bb2 Qd7 16. f4 Qf5 17. Nxa4 Nxa4 18. bxa4 Qc2 19. Ba3 Bxc4 20. Qe3 Rfe8 21.
Rdc1 Qxa4 22. Nxc4 dxc4 23. Bc5 e6 24. Qc3 Bf8 25.
Bxf8 Rxf8 26. Qxc4 Rfd8 27. Qxa4 Rxa4 28. Rxc6 Rdxd4 29. Rxc7 Rxf4 30. Rf1 Rxf1+ 31. Kxf1 Rxa2 32. Rc5 h5 33. Kg1 Kg7 34. Kh2 Ra3 35. Kg1 g5 36.
Kf2 Kg6 37. Rc6 Ra5 38. Rc8 Kg7 39. h4 g4 40. Kg3 Rxe5 41. Kf4 Rf5+ 42. Kg3 Kf6 43. Rh8 Rd5 44. Rg8 Ke7 45. Kf4 Rf5+ 46. Kg3 Kf6 47. Rh8 Ra5 48. Rg8 Rb5 49. Kf4 Rb4+ 50. Kg3 Rb5 51. Kf4 e5+ 52. Ke4 Rb4+ 53. Ke3 Rb3+ 54. Kf2 Rb2+ 55. Kg3 Rb3+ 56. Kf2 Kf5 57.
Rg5+ Kf4 58. Rxh5 g3+ 59. Kf1 Ke3 60. Rxe5+ Kf4 61. Re7 Rb1+ 62. Ke2 Rb2+ 63. Kf1 Rf2+ 64. Kg1 f5 65. h5 Ra2 66. Kf1 Ra1+ 67. Ke2 Rg1 68. h6 Rxg2+ 69. Kf1 Rh2 70. h7 Kf3 71. Kg1 Rh4 72. Rf7 f4 73. Re7 Rh5 74. Rf7 Rh6 75. Re7 Kg4 76. Rf7 Kf3 77. Re7 g2 78.
Rg7 Rh1# 0-1

[Event "*** Titled Tuesday Blitz"]
[Site "Chess.com"]
[Date "2019.09.03"]
[Round "2"]
[White "ahkashefi2800"]
[Black "Induwara_IM"]
[Result "1-0"]
[WhiteElo "2090"]
[BlackElo "2388"]
[TimeControl "180+2"]
[EndTime "15:26:47 PDT"]
[Termination "ahkashefi2800 won by resignation"]

1. d4 Nf6 2. c4 g6 3. Nc3 Bg7 4. e4 d6 5. Be3 O-O 6. Be2 c5 7. dxc5 dxc5 8. Qxd8 Rxd8 9. Bxc5 Nc6 10. Nf3 Nd7 11. Be3 Bxc3+ 12. bxc3 Nb6 13. Rd1 Be6 14. Nd2 Na5 15. c5 Na4 16. Bd4 Rd7 17. Bb5 Rxd4 18. cxd4 Nc3 19. a4 a6 20. Bd3 Rd8 21. d5 Bd7 22.
Rc1 Nxa4 23. Ke2 Rc8 24. c6 bxc6 25. dxc6 Bxc6 26. Bxa6 Ra8 27. Bd3 Rd8 28. Ke3 Nb2 29. Rc3 Bd7 30. Rb1 Na4 31. Ra3 Be8 32. Rba1 Nb2 33.
Rb1 Nxd3 34. Rxd3 Rc8 35. Ra3 Nc6 36. Rba1 Kg7 37. Ra8 Rxa8 38. Rxa8 Bd7 39. Nb3 Ne5 40. f3 Nc4+ 41. Kf2 Kf6 42. Ra7 Be6 43. Nc5 Ne5 44.
Nb7 Nd3+ 45. Ke3 Ne5 46. Nc5 g5 47. Na6 h5 48. Nc7 h4 49. Ne8+ Kg6 50. Rxe7 Nc4+ 51. Kf2 Nb2 52. Nc7 Kf6 53. Re8 Bd7 54. Nd5+ Kg7 55.
Rd8 Be6 56. Ne3 Na4 57. Ra8 Nb6 58. Ra5 Kf6 59. Ng4+ Bxg4 60. Ra6 Be6 61. Rxb6 Ke5 62. Rb5+ Kf6 63. Ra5 Kg6 64. g3 hxg3+ 65. hxg3 Kf6 66.
f4 gxf4 67. gxf4 Kg7 68. Kg3 Bd7 69. Re5 Bc6 70. Kg4 Kg6 71. Kf3 Bb7 72. f5+ Kg7 73.
Kf4 Bc6 74. Re7 Kf8 75. f6 Be8 76. Kg5 Bc6 77. Kh6 Kg8 78. e5 Kf8 79. Kh7 Be8 80.
e6 fxe6 81. Rxe8+ Kf7 82. Kh6 Kxf6 83. Rf8+ 1-0

[Event "*** Titled Tuesday Blitz"]
[Site "Chess.com"]
[Date "2019.09.03"]
[Round "2"]
[White "Hrant_ChessMood"]
[Black "ChristopherYoo"]
[Result "1/2-1/2"]
[WhiteElo "2867"]
[BlackElo "2590"]
[TimeControl "180+2"]
[EndTime "15:27:01 PDT"]
[Termination "Game drawn by repetition"]

1. d4 Nf6 2. c4 g6 3. Nc3 Bg7 4. e4 d6 5. f3 O-O 6. Nge2 Nc6 7.
Be3 a6 8. Qd2 Bd7 9. Rc1 e5 10.
d5 Na5 11. Ng3 b6 12. b4 Nb7 13. Bd3 a5 14. a3 axb4 15. axb4 Ne8 16. O-O f5 17.
exf5 gxf5 18. f4 e4 19. Be2 Nf6 20. Bd4 Qe8 21. Nd1 h5 22. Ne3 Qg6 23. Ra1 h4 24. Nh1 Bh6 25. Qb2 Nh5 26. Bxh5 Qxh5 27. Rxa8 Rxa8 28.
Nf2 Nd8 29. Nh3 Nf7 30. Kh1 Kh7 31. Ng1 Rg8 32. Qe2 Qxe2 33. Nxe2 Ra8 34. Ra1 Rxa1+ 35. Bxa1 Bg7 36. Bxg7 Kxg7 37. Nd4 Kf6 38. Kg1 Nd8 39. Kf2 Nf7 40. Ke2 Nh6 41. Kd2 Nf7 42. Kc3 Nh6 43. Nb3 Nf7 44. Kd4 Ba4 45. Nc1 Nd8 46. Ne2 Nf7 47. Nc3 Bd7 48. g3 hxg3 49. hxg3 Nd8 50. c5 bxc5+ 51. bxc5 dxc5+ 52. Kxc5 Nb7+ 53. Kd4 Nd6 54. Nc4 Nxc4 55. Kxc4 Ke7 56. Kc5 Bc8 57.
Nd1 Bd7 58. Ne3 Kf6 59. Nc4 Ke7 60. Kd4 Bb5 61. Ne5 Kd6 62. Nf7+ Ke7 63. Ng5 Kd6 64.
Nf7+ Ke7 65. Ne5 Kd6 66. Ng6 Be8 67. Nh4 Bd7 68. Ng2 c6 69. Ne3 cxd5 70. Nxd5 Be6 71. Ne3 Bd7 72. Kc3 Be6 73. Kd2 Bd7 74. Ng2 Be6 75.
Ke3 Bd7 76. Kf2 Be6 77. Ne3 Ke7 78. Ke2 Kd6 79. Kd2 Bd7 80. Kc3 Be6 81. Kd4 Bd7 82. Nd1 Be6 83. Nc3 Bd7 84. Nd5 Be6 85. Ne3 1/2-1/2

[Event "*** Titled Tuesday Blitz"]
[Site "Chess.com"]
[Date "2019.09.03"]
[Round "2"]
[White "grzechu96"]
[Black "KhalilMousavi77"]
[Result "1-0"]
[WhiteElo "2596"]
[BlackElo "2803"]
[TimeControl "180+2"]
[EndTime "15:29:29 PDT"]
[Termination "grzechu96 won by checkmate"]

1. e4 e6 2. d4 d5 3. Nc3 Bb4 4. exd5 exd5 5. Bd3 Nf6 6. Ne2 O-O 7. O-O h6 8. a3 Be7 9. Ng3 Nc6 10. Nce2 Be6 11.
Re1 Qd7 12. c3 Bd6 13. Bf4 Rfe8 14.
Qd2 Bf8 15. Qc2 Bd6 16. b4 a5 17. b5 Ne7 18. a4 g5 19. Bxd6 Qxd6 20. Rf1 h5 21. Qd2 Ng6 22. Qxg5 Nh7 23. Qxh5 Kg7 24. f4 Nf6 25. Qf3 Nh4 26. Qf2 Rh8 27. f5 Bd7 28. Qf4 Qxf4 29. Rxf4 Rae8 30. Kf2 c6 31. Rb1 Rh6 32.
bxc6 Bxc6 33. Bb5 Nh7 34. Bxc6 bxc6 35. Rb7 Rc8 36. Ra7 c5 37. Rxa5 cxd4 38. cxd4 Nf6 39. Rc5 Rb8 40. a5 Rb1 41. a6 Ra1 42. Rc6 Ne4+ 43. Nxe4 Rxc6 44. Nc5 Rh6 45. g3 Nxf5 46.
Rxf5 Rxh2+ 47. Ke3 Ra3+ 48. Nd3 Rxa6 49. Nef4 Ra1 50.
Rxd5 Rg1 51. Rg5+ Kf6 52. Rg8 Ra2 53. Nc5 Ra3+ 54. Nfd3 Ke7 55. d5 Ra2 56. Rg4 Rag2 57. Kf3 Rc2 58. Rd4 Rf1+ 59. Kg4 Rg2 60. d6+ Kd8 61. Nb7+ Kd7 62. Ndc5+ Kc6 63. d7 f5+ 64. Kg5 Rxg3+ 65. Kf6 Rg8 66. Rd6+ Kc7 67. d8=Q+ Rxd8 68. Rxd8 f4 69. Rd7+ Kc6 70. Rd6+ Kc7 71. Rd3 Kc6 72.
Rc3 f3 73. Nd8+ Kd5 74. Nde6 f2 75. Rd3+ Kc4 76. Rd4+ Kc3 77. Ne4+ Kc2 78. Rd5 Rd1 79. Rc5+ Kb3 80. Nxf2 Rf1 81. Rf5 Kc2 82. Ng5 Ra1 83.
Nge4 Ra6+ 84. Kg5 Ra8 85. Kf4 Rc8 86. Ke3 Kb2 87. Nd3+ Kb3 88. Rf1 Rh8 89. Rb1+ Ka2 90. Rb7 Rc8 91. Kd2 Ka3 92. Nd6 Rc6 93. Nb5+ Ka4 94. Nd4 Rc8 95. Nb2+ Ka5 96. Nd3 Ka6 97. Rb3 Ka7 98. Ne5 Rc5 99. Nec6+ Ka6 100. Nb4+ Ka7 101. Kd3 Rc8 102. Nd5 Rc5 103. Ke4 Rc1 104. Ke5 Ka8 105. Kd6 Ka7 106. Nc6+ Ka8 107. Nc7# 1-0

[Event "*** Titled Tuesday Blitz"]
[Site "Chess.com"]
[Date "2019.09.03"]
[Round "3"]
[White "guillembaches"]
[Black "Ar4uha"]
[Result "0-1"]
[WhiteElo "2299"]
[BlackElo "2511"]
[TimeControl "180+2"]
[EndTime "15:32:23 PDT"]
[Termination "Ar4uha won by resignation"]

1. e4 d5 2. exd5 Nf6 3. Nf3 Bg4 4. h3 Bxf3 5. Qxf3 Qxd5 6. Be2 Nc6 7. Nc3 Qd6 8. Ne4 Nxe4 9. Qxe4 O-O-O 10. O-O g6 11. c3 f5 12. Qa4 e5 13. Bb5 e4 14.
Bxc6 Qxc6 15. Qxa7 Bc5 16. Qa8+ Kd7 17. Qa5 Ra8 0-1

[Event "*** Titled Tuesday Blitz"]
[Site "Chess.com"]
[Date "2019.09.03"]
[Round "3"]
[White "FranciscodelaF"]
[Black "adriangschnitzer"]
[Result "0-1"]
[WhiteElo "2274"]
[BlackElo "2550"]
[TimeControl "180+2"]
[EndTime "15:32:30 PDT"]
[Termination "adriangschnitzer won by checkmate"]

1. d4 Nf6 2. c4 c5 3. d5 b5 4. Qc2 b4 5. e4 d6 6. a3 a5 7. a4 g6 8. b3 Bg7 9. Bb2 O-O 10.
Nd2 e5 11. dxe6 fxe6 12. Ngf3 e5 13. Be2 Nc6 14. O-O Nh5 15. Rfe1 Nf4 16. Bf1 Nd4 17. Bxd4 exd4 18. Rad1 Bg4 19. h3 Nxh3+ 20. gxh3 Bxf3 21. Nxf3 Rxf3 22. Bg2 Qg5 23. Kh1 Raf8 24. Bxf3 Rxf3 25. Rg1 Rxh3# 0-1

[Event "*** Titled Tuesday Blitz"]
[Site "Chess.com"]
[Date "2019.09.03"]
[Round "3"]
[White "Genghis_K"]
[Black "jlucasvf"]
[Result "1-0"]
[WhiteElo "2869"]
[BlackElo "2679"]
[TimeControl "180+2"]
[EndTime "15:32:50 PDT"]
[Termination "Genghis_K won by resignation"]

1. e4 e5 2. Nf3 Nf6 3. Nxe5 Nc6 4. Nf3 Nxe4 5. d4 d5 6. Bd3 Bd6 7. Nc3 Nxc3 8. bxc3 O-O 9. O-O Bg4 10. h3 Bh5 11. Re1 Qf6 12. g4 Rae8 13. gxh5 Rxe1+ 14. Nxe1 Re8 15. Be3 Qh4 16. Qg4 Qf6 17. Nf3 h6 18.
Kh1 Ne7 19. Rg1 Kf8 20. Ne5 Kg8 21. Nd7 1-0

[Event "*** Titled Tuesday Blitz"]
[Site "Chess.com"]
[Date "2019.09.03"]
[Round "3"]
[White "minnesotachessmaster"]
[Black "saraswathii"]
[Result "1/2-1/2"]
[WhiteElo "1951"]
[BlackElo "2290"]
[TimeControl "180+2"]
[EndTime "15:33:17 PDT"]
[Termination "Game drawn by agreement"]

1. e4 c5 2. Nf3 e6 3. d4 cxd4 4.
Nxd4 Nf6 5. Nc3 Nc6 6. Nxc6 bxc6 7. e5 Nd5 8. Ne4 f5 9. exf6 Nxf6 10. Bd3 d5 11. Nxf6+ Qxf6 12. O-O Bd6 13. f4 O-O 14. Kh1 c5 15. c3 Bb7 16. Qf3 Rf7 17. Bd2 Rd8 18.
Rae1 Rdf8 19. Qh3 g6 20. Rxe6 Qd8 21. Bxg6 hxg6 22. Rxg6+ Rg7 23. Qe6+ Rf7 24. Qxd6 1/2-1/2

[Event "*** Titled Tuesday Blitz"]
[Site "Chess.com"]
[Date "2019.09.03"]
[Round "3"]
[White "bubacik"]
[Black "Kriari"]
[Result "0-1"]
[WhiteElo "2702"]
[BlackElo "2924"]
[TimeControl "180+2"]
[EndTime "15:33:47 PDT"]
[Termination "Kriari won by resignation"]

1. d4 Nf6 2. c4 g6 3. Nf3 Bg7 4. g3 O-O 5. Bg2 Nc6 6. O-O d6 7. Nc3 e5 8. d5 Nb8 9. c5 Ne8 10. cxd6 Nxd6 11. e4 a5 12. b3 b5 13. Re1 Nd7 14.
Bg5 f6 15. Be3 Ba6 16. Rc1 b4 17. Na4 Nxe4 18. Qc2 f5 19. Qxc7 Rc8 20. Qxa5 Qxa5 0-1

[Event "*** Titled Tuesday Blitz"]
[Site "Chess.com"]
[Date "2019.09.03"]
[Round "3"]
[White "MFguimaraes"]
[Black "newauto"]
[Result "1-0"]
[WhiteElo "2297"]
[BlackElo "1923"]
[TimeControl "180+2"]
[EndTime "15:34:04 PDT"]
[Termination "MFguimaraes won by resignation"]

1. e4 c6 2. d4 d5 3. exd5 cxd5 4. Bd3 Nc6 5. c3 Nf6 6. h3 e5 7. dxe5 Nxe5 8. Qe2 Qe7 9. Bb5+ Bd7 10. Be3 Nc4 11.
Bxd7+ Nxd7 12. Nd2 Nxe3 13. fxe3 O-O-O 14. O-O-O Kb8 15. Ngf3 Nf6 16. e4 dxe4 17. Ng5 e3 18. Nc4 h6 19.
Rxd8+ Qxd8 20. Nxf7 Qc7 21. Nxh8 Bc5 22. Nxe3 Qe5 23.
Re1 g5 24. Nf7 Qe6 25. Nd8 Qxa2 26. Nc4 a6 27. Qe5+ 1-0

[Event "*** Titled Tuesday Blitz"]
[Site "Chess.com"]
[Date "2019.09.03"]
[Round "3"]
[White "Jenia84"]
[Black "Iustin106"]
[Result "1/2-1/2"]
[WhiteElo "2254"]
[BlackElo "2491"]
[TimeControl "180+2"]
[EndTime "15:34:13 PDT"]
[Termination "Game drawn by repetition"]

1. e4 e6 2. d4 d5 3. Bd3 c5 4. exd5 exd5 5. c3 Nc6 6. Nf3 cxd4 7.
Nxd4 Nxd4 8. cxd4 Bd6 9. Nc3 Ne7 10. O-O O-O 11. Bg5 h6 12. Qh5 Be6 13. Rae1 Qd7 14.
Bxh6 gxh6 15. Qxh6 Nf5 16. Bxf5 Bxf5 17. Qg5+ Bg6 18.
Nxd5 Qf5 19. Nf6+ Kg7 20. Nh5+ Kh7 21. Nf6+ Kg7 22. Nh5+ Kg8 23. Nf6+ Kg7 1/2-1/2

[Event "*** Titled Tuesday Blitz"]
[Site "Chess.com"]
[Date "2019.09.03"]
[Round "3"]
[White "FairChess_on_YouTube"]
[Black "Mr_Penings"]
[Result "1-0"]
[WhiteElo "2984"]
[BlackElo "2512"]
[TimeControl "180+2"]
[EndTime "15:34:26 PDT"]
[Termination "FairChess_on_YouTube won by resignation"]

1. Nf3 c5 2. g3 g6 3. c3 Nf6 4. d4 Bg7 5. dxc5 O-O 6. Nbd2 a5 7. Nc4 Na6 8. Nb6 Ra7 9. Be3 Ng4 10. Qd2 Nc7 11. Bh3 Nxe3 12. Qxe3 e6 13. O-O Ra6 14. Rfd1 Qe7 15. a4 Rd8 16. Rd6 Ne8 17. Rd3 d5 18. Nxd5 Qf8 19. Nb6 1-0

[Event "*** Titled Tuesday Blitz"]
[Site "Chess.com"]
[Date "2019.09.03"]
[Round "3"]
[White "Colombiano07"]
[Black "Opening_Prep"]
[Result "0-1"]
[WhiteElo "2192"]
[BlackElo "2435"]
[TimeControl "180+2"]
[EndTime "15:34:31 PDT"]
[Termination "Opening_Prep won by resignation"]

1. d4 d5 2. Bf4 c5 3. c3 Nc6 4. e3 Bf5 5. Bd3 Bxd3 6. Qxd3 e6 7. Nd2 Nf6 8. Ngf3 Qb6 9. O-O Be7 10. dxc5 Qxc5 11.
e4 O-O 12. Rfe1 Rfd8 13. e5 Nd7 14. Ng5 Nf8 15. Qf3 Bxg5 16. Bxg5 Rd7 17. Nb3 Qc4 18. Rad1 Ng6 19. g3 Ncxe5 20. Qe2 Qxe2 21. Rxe2 Nf3+ 0-1

[Event "*** Titled Tuesday Blitz"]
[Site "Chess.com"]
[Date "2019.09.03"]
[Round "3"]
[White "platy3"]
[Black "Roman_Ovetchkin"]
[Result "0-1"]
[WhiteElo "2863"]
[BlackElo "2745"]
[TimeControl "180+2"]
[EndTime "15:34:33 PDT"]
[Termination "Roman_Ovetchkin won by resignation"]

1. e4 c6 2. d4 d5 3. e5 Bf5 4. Nf3 e6 5. Be2 Nd7 6. O-O h6 7. a4 a5 8. c3 Ne7 9. Nbd2 g5 10. Nb3 Ng6 11. Ne1 Nf4 12. Bg4 Bxg4 13. Qxg4 Ng6 14. f4 gxf4 15. Bxf4 Qb6 16. Nd2 Qxb2 17. Rb1 Qxc3 18. Rxb7 Qxd4+ 19. Kh1 Ndxe5 20. Qg3 Nxf4 21. Nef3 Nxf3 22. Nxf3 Qd3 23. Re1 Bd6 24. Qg7 Rf8 0-1

[Event "*** Titled Tuesday Blitz"]
[Site "Chess.com"]
[Date "2019.09.03"]
[Round "3"]
[White "JussupowFan"]
[Black "PchelkinVK"]
[Result "0-1"]
[WhiteElo "2220"]
[BlackElo "2482"]
[TimeControl "180+2"]
[EndTime "15:34:52 PDT"]
[Termination "PchelkinVK won by resignation"]

1. c4 e5 2. g3 Nc6 3. Bg2 Bc5 4.
Nc3 d6 5. e3 Bf5 6. Nge2 Bd3 7.
b3 Nb4 8. O-O Bc2 9. d4 Bxd1 10.
Rxd1 exd4 11. exd4 Bb6 12. a3 Nc6 13. b4 a6 14. c5 Ba7 15. Bxc6+ bxc6 16. Bf4 Ne7 17. Re1 O-O 18. Bg5 f6 19. Be3 a5 20. Nf4 Kf7 21. Bd2 Re8 22. Ne6 Qd7 23. Re2 Nf5 24. Rae1 axb4 25. axb4 Rxe6 26. Rxe6 Nxd4 27. Re7+ Qxe7 28.
Rxe7+ Kxe7 0-1

[Event "*** Titled Tuesday Blitz"]
[Site "Chess.com"]
[Date "2019.09.03"]
[Round "3"]
[White "nubair1198"]
[Black "Jahonas"]
[Result "1-0"]
[WhiteElo "2653"]
[BlackElo "2409"]
[TimeControl "180+2"]
[EndTime "15:34:53 PDT"]
[Termination "nubair1198 won by resignation"]

1. d4 Nf6 2. c4 g6 3. Nc3 d5 4. Nf3 Bg7 5. h4 h5 6. Bg5 dxc4 7. e4 c6 8. Bxc4 O-O 9. Ne5 b5 10. Bb3 b4 11. Bxf7+ Rxf7 12. Qb3 Nd5 13. Nxf7 Kxf7 14. Ne2 Be6 15. exd5 Bxd5 16. Qxb4 Nd7 17. O-O Rb8 18. Qa3 Nb6 19. b3 Qd7 20. Rfe1 Qg4 21. Nf4 Rb7 22. Rxe7+ Rxe7 23. Qxe7+ Kg8 24. Qe8+ 1-0

[Event "*** Titled Tuesday Blitz"]
[Site "Chess.com"]
[Date "2019.09.03"]
[Round "3"]
[White "a_kandil"]
[Black "Niclox"]
[Result "0-1"]
[WhiteElo "2404"]
[BlackElo "2638"]
[TimeControl "180+2"]
[EndTime "15:35:13 PDT"]
[Termination "Niclox won by resignation"]

1. e4 c5 2. Nf3 d6 3. d4 cxd4 4. Nxd4 Nf6 5. Nc3 g6 6. Be3 Bg7 7. f3 O-O 8. h4 Nc6 9. Qd2 Nxd4 10. Bxd4 Qa5 11. O-O-O Be6 12. Kb1 Rfc8 13. g4 Rxc3 14.
Qxc3 Qxa2+ 15. Kc1 Bxg4 16. Bg2 Rc8 17. Qe3 e5 18. Bc3 d5 19. Bxe5 Nxe4 20. fxe4 Bxe5 21. Rd4 Qa1+ 22. Kd2 Qxb2 23. Rxd5 Rxc2+ 24. Ke1 Qb1+ 0-1

[Event "*** Titled Tuesday Blitz"]
[Site "Chess.com"]
[Date "2019.09.03"]
[Round "3"]
[White "Malev212"]
[Black "dawnrule"]
[Result "1-0"]
[WhiteElo "2634"]
[BlackElo "2399"]
[TimeControl "180+2"]
[EndTime "15:35:15 PDT"]
[Termination "Malev212 won by resignation"]

1. e4 e6 2. d4 d5 3. Nc3 Bb4 4.
Bd2 dxe4 5. Qg4 Nf6 6. Qxg7 Rg8 7. Qh6 Nc6 8. O-O-O Rg6 9. Qh4 Ng4 10. Qxd8+ Kxd8 11. Nxe4 f5 12. h3 Bxd2+ 13. Rxd2 Nh6 14. Nc5 b6 15. Nd3 Ke7 16. Nf3 Bb7 17. Nf4 Rg7 18.
Bc4 Nd8 19. Re1 Bxf3 20. gxf3 Nhf7 21. Nxe6 Nxe6 22. Rxe6+ Kf8 23. Rf6 1-0

[Event "*** Titled Tuesday Blitz"]
[Site "Chess.com"]
[Date "2019.09.03"]
[Round "3"]
[White "Padenie_Zvezd"]
[Black "Bladel"]
[Result "1-0"]
[WhiteElo "2823"]
[BlackElo "2607"]
[TimeControl "180+2"]
[EndTime "15:35:18 PDT"]
[Termination "Padenie_Zvezd won by resignation"]

1. d4 e6 2. c4 Nf6 3. Nf3 b6 4. g3 Bb7 5. Bg2 Be7 6. Bg5 h6 7.
Bxf6 Bxf6 8. Qd3 d6 9. Nc3 O-O 10. Ng5 Bxg5 11. Bxb7 Nd7 12. Bxa8 Qxa8 13. O-O c5 14.
Rad1 cxd4 15. Qxd4 Be7 16. Nb5 Nc5 17. Nxd6 Qc6 18.
Nb5 a6 19. Nc3 Rc8 20. Qe3 Bf6 21. b3 h5 22. Rc1 h4 23. Rfd1 Qc7 24. Ne4 Be7 25.
Nxc5 Bxc5 26. Qf4 Qxf4 27. gxf4 e5 28. fxe5 Re8 29. Rd5 f6 30. Rcd1 fxe5 31. Rd8 Kf8 32. Rxe8+ Kxe8 33. Rd5 Bd4 34. e3 Bc3 35. Rd6 Ba5 36.
a3 1-0

[Event "*** Titled Tuesday Blitz"]
[Site "Chess.com"]
[Date "2019.09.03"]
[Round "3"]
[White "vanyakuba"]
[Black "MikeSailer"]
[Result "1-0"]
[WhiteElo "2362"]
[BlackElo "2108"]
[TimeControl "180+2"]
[EndTime "15:35:21 PDT"]
[Termination "vanyakuba won by resignation"]

1. e4 d5 2. exd5 Qxd5 3. Nc3 Qd6 4. d4 Nf6 5. Be3 c6 6. Qd2 Bg4 7. f3 Bf5 8. Nge2 e6 9. Nf4 h6 10. O-O-O Nbd7 11. g4 Bh7 12. h4 g5 13. hxg5 hxg5 14.
Nd3 O-O-O 15. Ne5 Nxe5 16. dxe5 Qxd2+ 17. Rxd2 Rxd2 18. Bxd2 Nd7 19. Bd3 f5 20. exf6 Nxf6 21. Bxg5 Bg7 22. Bxf6 Bxf6 23. Rxh7 Bg5+ 24. Kd1 Rf8 25.
Ke2 1-0

[Event "*** Titled Tuesday Blitz"]
[Site "Chess.com"]
[Date "2019.09.03"]
[Round "3"]
[White "Parhamov"]
[Black "ChristopherYoo"]
[Result "1-0"]
[WhiteElo "2898"]
[BlackElo "2588"]
[TimeControl "180+2"]
[EndTime "15:35:30 PDT"]
[Termination "Parhamov won by resignation"]

1. e4 c5 2. Nf3 d6 3. d4 cxd4 4. Nxd4 Nf6 5. Nc3 Nc6 6. Bg5 e6 7. Qd2 a6 8. O-O-O Bd7 9. f4 Be7 10. Kb1 b5 11. a3 Qa5 12. Nb3 Qc7 13. Bxf6 gxf6 14. g3 Qb6 15. f5 O-O-O 16. Ne2 Kb8 17. Nf4 Ne5 18. Nd4 d5 19. exd5 Bc8 20. fxe6 fxe6 21. Bg2 b4 22. a4 Bb7 23. Nfxe6 Nc4 24. Qe2 Rc8 25. Nc6+ Bxc6 26. dxc6 Na3+ 27. Ka2 Rxc6 28.
Bxc6 Qxc6 29. bxa3 Qc3 30. Qd3 b3+ 31. cxb3 1-0

[Event "*** Titled Tuesday Blitz"]
[Site "Chess.com"]
[Date "2019.09.03"]
[Round "3"]
[White "Lunaticx"]
[Black "Jbd735"]
[Result "1-0"]
[WhiteElo "2841"]
[BlackElo "2474"]
[TimeControl "180+2"]
[EndTime "15:35:31 PDT"]
[Termination "Lunaticx won by resignation"]

1. e4 e5 2. Nf3 Nc6 3. Bb5 a6 4. Ba4 Nf6 5. O-O Be7 6. Re1 b5 7. Bb3 d6 8. c3 O-O 9. h3 Na5 10.
Bc2 c5 11. d4 Qc7 12. d5 Nb7 13. Nbd2 Ne8 14. g4 g6 15. Nf1 Nd8 16. Bh6 Ng7 17.
Ng3 f6 18. a4 Rb8 19. axb5 axb5 20. Qd2 Nf7 21. Be3 Bd7 22. Kh2 Ra8 23. Reb1 Qb7 24. b4 c4 25. Qc1 Rxa1 26. Rxa1 Ra8 27. Ra3 Bc8 28. Nd2 Rxa3 29. Qxa3 Qa6 30. Qxa6 Bxa6 31. Nb1 Kf8 32. Na3 Ke8 33. Ne2 Kd7 34. f4 exf4 35. Bxf4 Bd8 36. Nd4 Bb6 37. Naxb5 Ne5 38. Ba4 Ke7 39.
Bxe5 dxe5 40. Nc6+ Kf7 41. Nd6+ Kf8 42. b5 1-0

[Event "*** Titled Tuesday Blitz"]
[Site "Chess.com"]
[Date "2019.09.03"]
[Round "3"]
[White "Alexandercs432"]
[Black "temus_galaktionov"]
[Result "0-1"]
[WhiteElo "2017"]
[BlackElo "2616"]
[TimeControl "180+2"]
[EndTime "15:35:35 PDT"]
[Termination "temus_galaktionov won by resignation"]

1. e4 c6 2. d4 g6 3. Nc3 Bg7 4. Nf3 d6 5. Be2 Nd7 6. O-O e5 7. Be3 Ngf6 8. h3 O-O 9. dxe5 dxe5 10. Qd2 Qe7 11. Rad1 Nc5 12. Bxc5 Qxc5 13. Qd6 Qxd6 14. Rxd6 Nh5 15. Rfd1 Nf4 16. Bf1 h6 17. Rd8 Be6 18.
Rxa8 Rxa8 19. Kh2 g5 20. g3 Ng6 21. Nd2 b5 22. Nb3 Bf8 23. Be2 Bb4 24. Bg4 Bxg4 25. hxg4 Bxc3 26. bxc3 Ne7 27. Rd7 Kf8 28. Rd6 Kg7 29. Rd7 Ng8 30. f3 Nf6 31. Rd2 Rc8 32.
Nc5 Rc7 33. Rd8 Nh7 34. Ne6+ fxe6 0-1

[Event "*** Titled Tuesday Blitz"]
[Site "Chess.com"]
[Date "2019.09.03"]
[Round "3"]
[White "Keithonsky"]
[Black "IMRosen"]
[Result "0-1"]
[WhiteElo "2377"]
[BlackElo "2610"]
[TimeControl "180+2"]
[EndTime "15:35:40 PDT"]
[Termination "IMRosen won by resignation"]

1. d4 Nf6 2. c4 e6 3. Nf3 d5 4. g3 dxc4 5. Bg2 Bb4+ 6. Bd2 c5 7. Bxb4 cxb4 8. Ne5 O-O 9. O-O Nc6 10. Nxc6 bxc6 11. Bxc6 Rb8 12. Bg2 a5 13. e4 Ba6 14. Re1 Qb6 15. e5 Nd5 16. a3 Rfd8 17. axb4 axb4 18. Nd2 c3 19. bxc3 bxc3 20. Ne4 Bc4 21. Qh5 Bd3 22. Nc5 Bg6 23. Qg4 Nb4 24. Be4 Rxd4 25. Na4 Qc7 26. Qf3 c2 27. Bxg6 hxg6 28. Qe3 Rbd8 29. Qb3 Nd3 30. Rf1 c1=Q 0-1

[Event "*** Titled Tuesday Blitz"]
[Site "Chess.com"]
[Date "2019.09.03"]
[Round "3"]
[White "nurgyulsalimova"]
[Black "Iyael"]
[Result "1-0"]
[WhiteElo "2520"]
[BlackElo "2043"]
[TimeControl "180+2"]
[EndTime "15:35:55 PDT"]
[Termination "nurgyulsalimova won by resignation"]

1. e4 c5 2. Nf3 Nc6 3. d4 cxd4 4. Nxd4 Nf6 5. Nc3 e5 6. Ndb5 d6 7. Nd5 Nxd5 8. exd5 Nb8 9. Qf3 Be7 10. Qc3 Na6 11. Be3 O-O 12. Nxa7 Bd7 13. Bxa6 bxa6 14. Nc6 Bxc6 15.
dxc6 Rc8 16. O-O Qc7 17. Qd2 Qxc6 18. c3 Rfd8 19. f4 Rb8 20. Rf2 f6 21. Rd1 d5 22.
fxe5 fxe5 23. Bg5 Bc5 24. Bxd8 Bxf2+ 25. Qxf2 Rxd8 26. Qf5 Qf6 27. Qc2 d4 28. cxd4 exd4 29. Qc4+ Kh8 30. Rf1 Qe5 31. Qxa6 d3 32. Qb6 Re8 33.
Qb4 Qe3+ 34. Kh1 d2 35. Rf8+ 1-0

[Event "*** Titled Tuesday Blitz"]
[Site "Chess.com"]
[Date "2019.09.03"]
[Round "3"]
[White "MasterKroket"]
[Black "NTBT_DHS"]
[Result "0-1"]
[WhiteElo "2428"]
[BlackElo "2694"]
[TimeControl "180+2"]
[EndTime "15:35:58 PDT"]
[Termination "NTBT_DHS won by resignation"]

1. d4 Nf6 2. c4 g6 3. Nc3 Bg7 4.
e4 O-O 5. Nf3 d6 6. Be2 e5 7. d5 a5 8. O-O Na6 9. Bg5 Nc5 10. Nd2 Bd7 11. b3 Qe8 12. a3 h6 13.
Bh4 Nh7 14. Rb1 f5 15. f3 h5 16. b4 axb4 17. axb4 Na4 18. Qc2 Nxc3 19. Qxc3 Bh6 20. c5 Ra2 21. Rb2 Be3+ 22. Bf2 Bxf2+ 23. Rxf2 Ra1+ 24.
Rf1 Rxf1+ 25. Bxf1 h4 26. b5 h3 27. c6 hxg2 28.
Bxg2 bxc6 29. dxc6 Be6 30. b6 cxb6 31. Rxb6 Qa8 32.
Bf1 Qa7 33. Qe3 Rc8 34. Nc4 Kh8 35. Kf2 f4 36. Qb3 Bxc4 0-1